 Dungeon Crawl Stone Soup version 0.21.1-72-gffa868e0fe (webtiles) character file.

105 Ratryday the Magician (level 4, 0/23 HPs)
             Began as a Deep Elf Wanderer on Aug 4, 2018.
             Succumbed to a worker ant's poison
             ... on level 4 of the Dungeon.
             The game lasted 00:31:16 (3519 turns).

Ratryday the Magician (Deep Elf Wanderer)           Turns: 3519, Time: 00:31:16

Health: 0/23       AC:  5    Str: 10    XL:     4   Next: 53%
Magic:  7/12       EV: 12    Int: 22    God:
Gold:   110        SH:  0    Dex: 13    Spells: 3/12 levels left

rFire    + + .     SeeInvis .   t - +0 quarterstaff (drain)
rCold    + + .     Gourm    .   (shield currently unavailable)
rNeg     . . .     Faith    .   d - +0 robe
rPois    +         Spirit   .   p - +0 hat
rElec    +         Reflect  .   n - scarf {rC+ rF+}
rCorr    +         Harm     .   o - +0 pair of gloves
MR       .....                  k - +0 pair of boots
Stlth    +.........             (no amulet)
HPRegen  0.07/turn              j - ring of poison resistance
MPRegen  0.13/turn              m - ring of flight

@: lethally poisoned (0 -> -6), resistant, hasted, very quick
A: clever 2, frail 1, shaggy fur 1
a: Evoke Flight


You were on level 4 of the Dungeon.
You were not hungry.

You visited 1 branch of the dungeon, and saw 4 of its levels.

You collected 110 gold pieces.

Inventory:

Hand Weapons
 b - a +0 falchion
 t - a +0 quarterstaff of draining (weapon)
Armour
 d - a +0 robe (worn)
 k - a +0 pair of boots (worn)
 n - a scarf of resistance (worn)
 o - a +0 pair of gloves (worn)
 p - a +0 hat (worn)
Jewellery
 j - a ring of poison resistance (left hand)
 m - a ring of flight (right hand)
 y - an uncursed ring of ice {unknown}
Scrolls
 e - 3 scrolls of identify
 g - a scroll of random uselessness {unknown}
 s - a scroll of blinking {unknown}
 u - a scroll of enchant weapon {unknown}
 v - a scroll of remove curse {unknown}
 x - a scroll of fog {unknown}
Potions
 h - a potion of cancellation
 q - a potion of ambrosia {unknown}
 r - a potion of mutation
 z - a potion of curing {unknown}
Books
 a - a book of Minor Magic

   Spells                             Type                      Level
   a - Magic Dart                     Conjuration                  1
   b - Blink                          Translocation                2
   c - Call Imp                       Summoning                    2
   d - Slow                           Hexes                        2
   e - Conjure Flame                  Conjuration/Fire             3
   f - Mephitic Cloud                 Conjuration/Poison/Air       3
 c - the Reference Book on Flames

   Spells                             Type                      Level
   a - Flame Tongue                   Conjuration/Fire             1
   b - Ignite Poison                  Fire/Transmutation/Poison    3
Comestibles
 f - 8 rations
 w - 4 chunks of flesh


   Skills:
 * Level 2.0 Fighting
 - Level 1.0 Long Blades
   Level 1.0 Polearms
 * Level 0.1(0.7) Staves
 - Level 1.0 Throwing
 * Level 1.8 Dodging
 * Level 4.5 Spellcasting
 * Level 1.0 Conjurations
 * Level 0.1 Summonings
 * Level 1.2 Translocations
 * Level 3.3 Fire Magic
 * Level 0.3 Air Magic
 * Level 0.2 Poison Magic
 + Level 1.1 Evocations


You had 3 spell levels left.
You knew the following spells:

 Your Spells              Type           Power        Failure   Level  Hunger
a - Magic Dart            Conj           #...         7%          1    None
b - Blink                 Tloc           N/A          10%         2    #......
c - Call Imp              Summ           #.......     16%         2    #......
d - Mephitic Cloud        Conj/Pois/Air  #.......     26%         3    ##.....
e - Flame Tongue          Conj/Fire      ##...        4%          1    None


Dungeon Overview and Level Annotations

Branches:
Dungeon (4/15)
 Temple: D:4-7

Altars:
Trog


Innate Abilities, Weirdness & Mutations

Your mind is very acute. (Int +4)
You are frail. (-10% HP)
You are covered in fur. (AC +1)


Message History

Your shadow imp barely misses the worker ant.
Found a bloodstained altar of Trog.
* * * LOW HITPOINT WARNING * * *
You feel sick. The worker ant bites your shadow imp.
Your shadow imp misses the worker ant.
It was a potion of cancellation.
You feel magically purged. The worker ant bites your shadow imp.
Your shadow imp hits the worker ant.
The worker ant dies!
Your Fighting skill increases to level 2!
Your Conjurations skill increases to level 1!
Unknown command.
It was a potion of mutation.
You feel extremely strange.
You feel clever. x2; You feel frail. Fur sprouts all over your body.
* * * LOW HITPOINT WARNING * * *
You feel sick.
Unknown command.
It was a potion of resistance.
You feel protected.
It was a potion of haste.
You feel yourself speed up.
You die...

.. #... ... #...# ....
#...# ###... #...# ....#
#...# ....##
..##########...##..?..##
...............5@..._...
......#...##.....##.....
......#...#..†...# ...
......#...#...#..# .
......#..............
......#...#...#......#
..........#...###.#...
....#.....#...# .#...
<...#...#.#..... .# ..


You could see a friendly shadow imp.

Vanquished Creatures
  An adder (D:3)
  An ooze (D:2)
  An adder skeleton (D:4)
  2 dart slugs (D:1)
  A leopard gecko (D:1)
  2 orcs (D:3)
  4 bats
  2 giant cockroaches
  9 goblins
  5 hobgoblins (D:1)
  5 jackals
  5 kobolds
  8 frilled lizards
  8 rats
54 creatures vanquished.

Vanquished Creatures (collateral kills)
  A worker ant (D:4)
  An adder (D:2)
2 creatures vanquished.

Grand Total: 56 creatures vanquished

Notes
Turn   | Place    | Note
-------+----------+-------------------------------------------
     0 | D:1      | Ratryday the Deep Elf Wanderer began the quest for the Orb.
     0 | D:1      | Ratryday set off with: a book of Minor Magic, a +0 falchion, the Reference Book on Flames, a +0 robe, a ration
     0 | D:1      | Reached XP level 1. HP: 12/12 MP: 6/6
     2 | D:1      | Learned a level 1 spell: Magic Dart
   255 | D:1      | Reached skill level 1 in Dodging
   301 | D:1      | Reached XP level 2. HP: 17/17 MP: 1/8
  1235 | D:1      | Reached XP level 3. HP: 21/21 MP: 8/10
  1668 | D:2      | Identified the Reference Book on Flames
  1671 | D:2      | Learned a level 2 spell: Blink
  1674 | D:2      | Learned a level 2 spell: Call Imp
  1678 | D:2      | Learned a level 3 spell: Mephitic Cloud
  1680 | D:2      | Learned a level 1 spell: Flame Tongue
  2280 | D:2      | Reached skill level 1 in Translocations
  2509 | D:3      | Reached skill level 4 in Spellcasting
  2775 | D:3      | Reached XP level 4. HP: 17/26 MP: 1/12
  3072 | D:3      | Reached skill level 1 in Long Blades
  3514 | D:4      | Found a bloodstained altar of Trog.
  3516 | D:4      | Reached skill level 1 in Conjurations
  3517 | D:4      | Gained mutation: Your mind is acute. (Int +2) [potion of mutation]
  3517 | D:4      | Gained mutation: Your mind is very acute. (Int +4) [potion of mutation]
  3517 | D:4      | Gained mutation: You are frail. (-10% HP) [potion of mutation]
  3517 | D:4      | Gained mutation: You are covered in fur. (AC +1) [potion of mutation]
  3517 | D:4      | HP: 1/23 [poisoned by a worker ant]
  3519 | D:4      | Succumbed to a worker ant's poison

Skill      XL: |  1  2  3  4 |
---------------+-------------+-----
Dodging        | 1 |  1.8
Translocations | 1 |  1.2
Spellcasting   | 4 |  4.5
Long Blades    | 1 |  1.0
Fighting       | 2 |  2.0
Conjurations   | 1 |  1.0
Polearms       | |  1.0
Staves         | |  0.1
Throwing       | |  1.0
Summonings     | |  0.1
Fire Magic     | |  3.3
Air Magic      | |  0.3
Poison Magic   | |  0.2
Evocations     | |  1.1

Action                   |  1- 3 |  4- 6 || total
-------------------------+-------+-------++-------
Melee: Falchion          |    74 |       ||    74
       Quarterstaff      |    10 |     9 ||    19
 Cast: Magic Dart        |    79 |    13 ||    92
       Flame Tongue      |    16 |     8 ||    24
       Blink             |     1 |     1 ||     2
       Call Imp          |     1 |     1 ||     2
       Mephitic Cloud    |     1 |       ||     1
  Use: Scroll            |     2 |       ||     2
       Potion            |       |     4 ||     4
  Eat: Chunk             |     6 |     2 ||     8
Armor: Robe              |    23 |     1 ||    24
Dodge: Dodged            |    61 |     6 ||    67
       Rpst.: Falchion   |     5 |       ||     5
